 Dungeon Crawl Stone Soup version 0.28.0-53-g5a82cb258f (webtiles) character file.

Game seed: 499965071042746268

27 MiltankisOP the Ruffian (level 2, -1/23 HPs)
             Began as a Draconian Transmuter on June 17, 2022.
             Killed from afar by Sigmund (6 damage)
             ... with a magic dart
             ... on level 2 of the Dungeon.
             The game lasted 00:02:19 (1298 turns).

MiltankisOP the Ruffian (Draconian Transmuter)      Turns: 1298, Time: 00:02:19

Health: -1/23      AC:  4    Str: 12    XL:     2   Next: 93%
Magic:  5/5        EV: 12    Int: 13    God:
Gold:   23         SH:  0    Dex: 11    Spells: 4/5 levels left

rFire   . . .      SeeInvis .     - Unarmed
rCold   . . .      Faith    .   (no shield)
rNeg    . . .      Spirit   .   (armour unavailable)
rPois   .          Reflect  .   (helmet currently unavailable)
rElec   .          Harm     .   (no cloak)
rCorr   .          Rampage  .   (no gloves)
Will    .....                   (boots currently unavailable)
Stlth   +.........              (no amulet)
HPRegen 0.07/turn               (no ring)
MPRegen 0.09/turn               (no ring)

@: confused, appendages (expiring)
A: horns 2, talons 2, AC +4, unfitting armour, cold-blooded
a: End Transformation


You were on level 2 of the Dungeon.
You had temporarily grown beastly horns and talons.
You visited 1 branch of the dungeon, and saw 2 of its levels.

You collected 23 gold pieces.

Inventory:

Hand Weapons
 a - a +0 whip of electrocution
Armour
 b - an orb of wrath
Scrolls
 d - 2 scrolls of identify {unknown}
 f - 2 scrolls of teleportation {unknown}
 h - a scroll of torment {unknown}
Potions
 c - a potion of mutation {unknown}
 e - a potion of haste
 g - 2 potions of heal wounds {unknown}


   Skills:
 - Level 1.5 Fighting
 - Level 2.0 Dodging
 + Level 3.4 Unarmed Combat
 - Level 2.2 Spellcasting
 - Level 2.2 Transmutations


You had 4 spell levels left.
You knew the following spells:

 Your Spells              Type           Power      Damage    Failure   Level
a - Beastly Appendage     Tmut           14%        N/A       10%         1

Your spell library contained the following spells:

 Spells                   Type           Power      Damage    Failure   Level
 Wereblood                Tmut           7%         N/A       16%         2
 Sandblast                Erth           2%         2d4       26%         1
 Spider Form              Tmut/Pois      4%         N/A       43%         3
 Ice Form                 Ice/Tmut       4%         N/A       83%         4


Dungeon Overview and Level Annotations

Branches:
Dungeon (2/15)

Altars:

Annotations:
D:2 Sigmund


Innate Abilities, Weirdness & Mutations

You have temporarily grown beastly horns and talons.
Your plain brown scales are hard. (AC +4)
You cannot fit into any form of body armour.
You are cold-blooded and may be slowed by cold attacks.


Message History

The kobold hits you but does no damage.
You hit the kobold.
You kill the kobold!
No target in view!
No target in view!
No target in view!
No target in view!
No target in view!
Your horns disappear.
Your talons disappear.
HP restored.
Sigmund the Dreaded comes into view.
He is wielding a +0 scythe and wearing a +2 robe of cold resistance.
Sigmund shouts!
Sigmund is nearby!
Sigmund is nearby!
Sigmund drinks a potion.
Sigmund seems to speed up.
Casting: Beastly Appendage (safe; 10% risk of failure)
Confirm with . or Enter, or press ? or * to list all spells.
You grow a pair of large bovine horns.
Your feet morph into talons.
Sigmund hits you from afar with a +0 scythe!
Sigmund closely misses you.
You closely miss Sigmund.
Sigmund points at you and mumbles some strange words.
The magic dart hits you. Sigmund misses you.
You hit Sigmund but do no damage. Sigmund misses you.
You closely miss Sigmund.
Your transformation is almost over.
Sigmund gestures at you while chanting.
You are confused.
You hit Sigmund but do no damage. You headbutt Sigmund, but do no damage.
Sigmund misses you.
You hit Sigmund but do no damage. Your headbutt misses Sigmund.
Sigmund hits you but does no damage.
You hit Sigmund but do no damage. Your kick misses Sigmund.
Sigmund hits you with a +0 scythe.
* * * LOW HITPOINT WARNING * * *
You bump into the rock wall.
Sigmund barely misses you. Sigmund closely misses you.
Sigmund gestures at you while chanting. The magic dart hits you.
You die...

#### ... ..#
#.# #.# #
###.##.###..
#...@.......
###.#...###.
#@#...#
#.#...#
#.#...#
#.##### #.#
#.# #.# #.#
#+# #.#
#######.#


You could see Sigmund (fast).

Vanquished Creatures
  3 ball pythons (D:1)
  3 endoplasms (D:1)
  A giant cockroach (D:1)
  2 hobgoblins (D:1)
  3 jackals (D:1)
  4 bats
  A frilled lizard (D:1)
  2 goblins (D:1)
  3 kobolds
  2 rats (D:1)
24 creatures vanquished.

Notes
Turn   | Place    | Note
-------+----------+-------------------------------------------
     0 | D:1      | MiltankisOP the Draconian Transmuter began the quest for
                  | the Orb.
     0 | D:1      | Reached XP level 1. HP: 16/16 MP: 3/3
    47 | D:1      | Found a faded altar of an unknown god.
    69 | D:1      | Got Plato's Papyrus of Earth
   528 | D:1      | Reached XP level 2. HP: 23/23 MP: 3/5
  1282 | D:2      | Noticed Sigmund
  1298 | D:2      | Killed from afar by Sigmund

Illustrated notes

Levels and vault maps discovered:
D:1:      dpeg_arrival_morbid_curiosity, layout_rooms,
          shapermc_ecumenical_altar_rom_forum
D:2:      layout_basic, basic_altar, minmay_distorted, uniq_sigmund

Skill      XL: |  1  2 |
---------------+-------+-----
Dodging        | 2 |  2.0
Fighting       | |  1.5
Unarmed Combat | |  3.4
Spellcasting   | |  2.2
Transmutations | |  2.2

Action                   || total
-------------------------++-------
Melee: Unarmed           ||    57
       Kick              ||     7
       Headbutt          ||     4
       Tailslap          ||     5
 Cast: Beastly Appendage ||    18
 Stab: Sleeping          ||     1
Armor: Skin              ||    18
Dodge: Dodged            ||    34
